 Dungeon Crawl Stone Soup version 0.22-a0-521-gb1378044ac (webtiles) character file.

33 Kaname the Conjurer (level 3, 0/24 HPs)
             Began as a Demonspawn Wizard on June 20, 2018.
             Slain by a rat (3 damage)
             ... on level 3 of the Dungeon.
             The game lasted 00:02:47 (1158 turns).

Kaname the Conjurer (Demonspawn Wizard)             Turns: 1158, Time: 00:02:48

Health: 0/24       AC:  2    Str:  7    XL:     3   Next: 12%
Magic:  0/7        EV: 12    Int: 20    God:
Gold:   96         SH:  3    Dex: 11    Spells: 2/8 levels left

rFire    . . .     SeeInvis .   c - +0 dagger
rCold    . . .     Gourm    .   (no shield)
rNeg     . . .     Faith    .   a - +0 robe
rPois    .         Spirit   .   b - +0 hat
rElec    .         Reflect  +   (no cloak)
rCorr    .         Harm     .   (no gloves)
MR       .....                  (no boots)
Stlth    ++........             j - +3 amulet of reflection
HPRegen  0.08/turn              (no ring)
MPRegen  0.10/turn              (no ring)

@: no status effects
A: rot immunity
a: no special abilities


You were on level 3 of the Dungeon.
You were hungry.

You visited 1 branch of the dungeon, and saw 3 of its levels.

You collected 96 gold pieces.

Inventory:

Hand Weapons
 c - a +0 dagger (weapon)
Missiles
 n - 24 arrows
Armour
 a - a +0 robe (worn)
 b - a +0 hat (worn)
Jewellery
 j - a +3 amulet of reflection (around neck)
Scrolls
 e - a scroll of teleportation {unknown}
 f - a scroll of noise {unknown}
 g - a scroll of enchant armour {unknown}
 i - a scroll of amnesia {unknown}
 k - a scroll of enchant weapon {unknown}
 m - a scroll of identify {unknown}
Potions
 h - a potion of invisibility {unknown}
 l - a potion of berserk rage {unknown}
 o - a potion of heal wounds {unknown}
Comestibles
 d - 3 rations


   Skills:
 - Level 1.7 Dodging
 - Level 1.7 Stealth
 - Level 3.0 Spellcasting
 + Level 3.1 Conjurations
   Level 1.0 Summonings
 - Level 0.8 Translocations


You had 2 spell levels left.
You knew the following spells:

 Your Spells              Type           Power        Failure   Level  Hunger
a - Magic Dart            Conj           ###.         4%          1    None
b - Blink                 Tloc           N/A          16%         2    ##.....
c - Mephitic Cloud        Conj/Pois/Air  #.......     28%         3    ###....

Your spell library contained the following spells:

 Spells                   Type           Power        Failure   Level  Hunger
 Conjure Flame            Conj/Fire      #.......     22%         3    ###....
 Slow                     Hex            #.......     22%         2    ##.....
 Call Imp                 Summ           #.......     14%         2    ##.....


Dungeon Overview and Level Annotations

Branches:
Dungeon (3/15)

Altars:
Xom

Annotations:
D:2 Sigmund


Innate Abilities, Weirdness & Mutations

You are immune to rotting.


Message History

The ball python bites you.
* * * LOW HITPOINT WARNING * * *
The ball python constricts you. You block the rat's attack.
Casting: Magic Dart (safe; 4% risk of failure)
Confirm with . or Enter, or press ? or * to list all spells.
Aiming: Magic Dart (safe; 4% risk of failure)
Press: ? - help, Shift-Dir - straight line, f - ball python
Aim: a ball python (severely wounded, constricting you)
The magic dart hits the ball python.
You kill the ball python!
The rat bites you.
* * * LOW HITPOINT WARNING * * *
The rat twitches its whiskers.
You block the rat's attack.
You see here a stone.
You hit the rat but do no damage. The rat closely misses you.
You hit the rat.
The rat is heavily wounded.
The rat bites you.
You die...

....# ...#
...# ..# ..#
############.#
#............#
#...........@#
#..........r.#
#.........)..#
#...........##
#...........#
#.....†(...$#
#...........#
#...........#
#...(.......#


You could see a rat.

Vanquished Creatures
  An ooze (D:1)
  A dart slug (D:1)
  A ball python (D:3)
  2 bats (D:1)
  5 goblins (D:1)
  5 hobgoblins
  4 kobolds
  3 frilled lizards (D:1)
  3 rats (D:1)
25 creatures vanquished.

Notes
Turn   | Place    | Note
-------+----------+-------------------------------------------
     0 | D:1      | Kaname the Demonspawn Wizard began the quest for the Orb.
     0 | D:1      | Reached XP level 1. HP: 13/13 MP: 4/4
   244 | D:1      | Gained mutation: You are immune to rotting. [demonic ancestry]
   244 | D:1      | Reached XP level 2. HP: 19/19 MP: 1/6
  1032 | D:2      | Reached XP level 3. HP: 24/24 MP: 4/7
  1053 | D:2      | Found a shimmering altar of Xom.
  1057 | D:2      | Learned a level 2 spell: Blink
  1061 | D:2      | Learned a level 3 spell: Mephitic Cloud
  1133 | D:2      | Noticed Sigmund
  1158 | D:3      | Slain by a rat

Vault maps used:
D:1:      saegor_arrival_simple_c
D:2:      lemuel_doored_altar, lemuel_coloured_pillars_altar,
          minmay_tree_intersection, hangedman_abyss_or_decor_stabs,
          uniq_sigmund, uniq_robin
D:3:      lemuel_crystal_altar, uniq_ijyb

Skill      XL: |  1  2 |
---------------+-------+-----
Conjurations   | 2 3 |  3.1
Dodging        | |  1.7
Stealth        | |  1.7
Spellcasting   | |  3.0
Summonings     | |  1.0
Translocations | |  0.8

Action                   || total
-------------------------++-------
Melee: Dagger            ||    49
 Cast: Magic Dart        ||    48
 Stab: Sleeping          ||     3
Armor: Robe              ||     8
Dodge: Dodged            ||    43
Block: Other             ||     6
       Reflection        ||     1

Table legend:
 A = Spawn XP
 B = Non-spawn XP
 C = Spawn XP percentage of total XP
 D = Spawn monster count
 E = Non-spawn monster count
 F = Spawn count percentage of total count
 G = Total turns spent on level
                    A         B        C        D         E        F      G
               +---------+---------+-------+---------+---------+-------+---------
         Total |       0 |      48 |   0.0 |       0 |      25 |   0.0 |  1158
               +---------+---------+-------+---------+---------+-------+---------
           D:1 |       0 |      39 |   0.0 |       0 |      20 |   0.0 |  1001
           D:2 |       0 |       5 |   0.0 |       0 |       3 |   0.0 |   138
           D:3 |       0 |       4 |   0.0 |       0 |       2 |   0.0 |    19
               +---------+---------+-------+---------+---------+-------+---------
